 Dungeon Sprint DCSS version 0.17-a0-1805-g6093636 (webtiles) character file.

52 nuthulu the Skirmisher (level 3, 0/39 HPs)
             Began as a Gargoyle Fighter on Sept 12, 2015.
             Slain by a water elemental (2 damage)
             ... in the Dungeon (Sprint III: "The Ten Rune Challenge").
             The game lasted 00:01:19 (376 turns).

nuthulu the Skirmisher (Gargoyle Fighter)            Turns: 376, Time: 00:01:20

Health: 0/39       AC: 21    Str: 19    XL:     3   Next: 85%
Magic:  3/3        EV:  2    Int:  6    God:
Gold:   17         SH:  9    Dex: 10    Spells: 0 memorised, 2 levels left

rFire  . . .     SeeInvis .     a - +0 flail
rCold  . . .     Clarity  .     (armour currently unavailable)
rNeg   + + +     SustAt   .     c - +0 shield
rPois  ∞         Gourm    .     (helmet currently unavailable)
rElec  .         Spirit   .     (cloak currently unavailable)
rCorr  .         Warding  .     (gloves currently unavailable)
rMut   .         NoTele   +     (boots currently unavailable)
MR     .....                    (no amulet)
Stlth  +.........               (no ring)
                                (no ring)

@: tree-form, engulfed, not resistant to hostile enchantments, very unstealthy
A: (talons 0), dopey 1, negative energy resistance 1, (electricity resistance),
(unbreathing), petrification resistance, rot immunity, AC +3
a: no special abilities


You were in the Dungeon.
You were not hungry.
You were a tree.
You visited 1 branch You collected 17 gold pieces.

Inventory:

Hand weapons
 a - a +0 flail (weapon)
Armour
 b - a +0 scale mail (melded)
 c - a +0 shield (worn)
Scrolls
 k - 2 scrolls of blinking
 n - a scroll of torment {unknown}
 p - a scroll of remove curse {unknown}
 t - a scroll of immolation {unknown}
Potions
 f - a potion of curing
 g - a potion of heal wounds
 h - a potion of haste
 i - 2 potions of magic
 j - a potion of berserk rage
 r - a potion of cure mutation
 s - 3 potions of flight
Comestibles
 d - 3 chunks of flesh
 e - a bread ration
 q - 2 fruits
 u - a royal jelly


   Skills:
 + Level 5.2 Fighting
 + Level 4.0 Maces & Flails
 - Level 5.0 Armour
 - Level 5.1 Shields


You had 2 spell levels left.
You didn't know any spells.

Dungeon Overview and Level Annotations

Branches:
Dungeon (1/1)

Altars:


Innate Abilities, Weirdness & Mutations

You are resistant to torment.
((Your stone body is resilient (AC +3).))
You are immune to poison.
You resist negative energy.
((You are resistant to electric shocks.))
((You can survive without breathing.))
You are immune to petrification.
You are immune to rotting.
((You have sharp toenails.))
You are dopey. (Int -2)


Message History

You hit the water elemental.
The water elemental is almost destroyed.
You block the water elemental's attack.
You hit the water elemental but do no damage.
The water elemental is almost destroyed.
The water elemental barely misses you.
Unknown command.
You hit the water elemental.
The water elemental is almost destroyed.
The water elemental hits you.
You barely miss the water elemental.
The water elemental is almost destroyed.
The water elemental hits you.
* * * LOW HITPOINT WARNING * * *
You block the water elemental's attack.
Unknown command.
You hit the water elemental.
The water elemental is almost destroyed.
The water elemental hits you.
You die...

▓▓▓▓▓▓▓▓ ▓▓▓ <..#...####
##.# ...#......#####..#
..##.......#..#..#
##.##.##...#..#..# #+#+#
##.##.###[.##'#..#......
#.####.##..###..♣E.⌠....
.###..##..####...#...###
#.....##..###....# ⌠.#
###..##...##.....# .#
##..##...÷#......# #
#..###..##.#.....# #..#
#.. ####....# ▓▓▓▓ ▓▓▓
▓▓▓▓▓▓


You could see a water elemental.

Vanquished Creatures
  Jessica (D)
  A human (D)
  An ooze (D)
  A phantom (D)
  A rat (D)
5 creatures vanquished.

Vanquished Creatures (others)
  2 draconian scorchers (D)
  A yaktaur (D)
3 creatures vanquished.

Grand Total: 8 creatures vanquished

Notes
Turn   | Place    | Note
--------------------------------------------------------------
     0 | D        | nuthulu the Gargoyle Fighter began the quest for the Orb.
     0 | D        | Reached XP level 1. HP: 14/14 MP: 1/1
    14 | D        | Reached skill level 4 in Fighting
    41 | D        | Noticed Jessica
    62 | D        | Killed Jessica
    62 | D        | Reached XP level 2. HP: 5/20 MP: 2/2
    62 | D        | Reached XP level 3. HP: 6/25 MP: 3/3
   105 | D        | Killed a yaktaur
   183 | D        | Killed a white draconian scorcher
   194 | D        | Killed a white draconian scorcher
   310 | D        | Reached skill level 5 in Fighting
   310 | D        | Reached skill level 5 in Armour
   310 | D        | Reached skill level 5 in Shields
   354 | D        | Gained mutation: Armour fits poorly on your strangely shaped body. [potion of mutation]
   354 | D        | Gained mutation: You expend magic power (3 MP) to strengthen your wands. [potion of mutation]
   355 | D        | Lost mutation: Armour fits poorly on your strangely shaped body. [potion of cure mutation]
   355 | D        | Lost mutation: You expend magic power (3 MP) to strengthen your wands. [potion of cure mutation]
   356 | D        | Gained mutation: You have sharp toenails. [potion of mutation]
   356 | D        | Gained mutation: You are dopey. (Int -2) [potion of mutation]
   362 | D        | Noticed a water elemental
   376 | D        | Slain by a water elemental

Vault maps used:
D:        dungeon_sprint_mu

Action                   || total
-------------------------++-------
Melee: Flail             ||    34
  Use: Potion            ||     5
       Scroll            ||     4
